 Dungeon Crawl Stone Soup version 0.30.0-29-ga12c61a403 (webtiles) character file.

Game seed: 8184433708083844992

32 BiteMe the Firebug (level 3, -11/24 HPs)
             Began as a Demonspawn Fire Elementalist on June 18, 2023.
             Mangled by a gnoll
             ... wielding a +0 halberd
              (16 damage)
             ... on level 2 of the Dungeon.
             The game lasted 00:11:55 (2324 turns).

BiteMe the Firebug (Demonspawn Fire Elementalist)   Turns: 2324, Time: 00:11:59

Health: -11/24     AC:  4    Str:  8    XL:     3   Next: 8%
Magic:  2/6        EV: 12    Int: 18    God:
Gold:   63         SH:  0    Dex: 13    Spells: 5/6 levels left

rFire   . . .        c - +0 spear
rCold   . . .        (no shield)
rNeg    . . .        a - +0 robe
rPois   .            (no helmet)
rElec   .            (no cloak)
rCorr   .            (no gloves)
SInv    .            (no boots)
Will    .....        (no amulet)
Stlth   ++           (no ring)
HPRegen 0.24/turn    (no ring)
MPRegen 0.10/turn

%: no passive effects
@: no status effects
A: icy blue scales 1
a: no special abilities


You were on level 2 of the Dungeon.
You visited 1 branch of the dungeon, and saw 2 of its levels.

You collected 63 gold pieces.

Inventory:

Hand Weapons
 c - a +0 spear (weapon)
 d - a +0 short sword
 f - a +0 club
 j - a +0 mace
 k - a +0 hand axe
Armour
 a - a +0 robe (worn)
Scrolls
 e - a scroll of identify {unknown}
 g - a scroll of immolation
 i - a scroll of fear {unknown}
Potions
 b - a potion of magic
 h - 2 potions of ambrosia {unknown}


   Skills:
 * Level 2.2 Dodging
 - Level 1.7 Stealth
 * Level 2.3 Spellcasting
 * Level 1.2 Conjurations
 * Level 3.2 Fire Magic


You had 5 spell levels left.
You knew the following spells:

 Your Spells              Type           Power      Damage    Failure   Level
a - Foxfire               Conj/Fire      40%        2x1d6     7%          1

Your spell library contained the following spells:

 Spells                   Type           Power      Damage    Failure   Level
 Scorch                   Fire           26%        2d6       7%          2
 Inner Flame              Hex/Fire       7%         N/A       26%         3
 Volatile Blastmotes      Fire/Tloc      14%        2d11      26%         3
 Vhi's Electric Charge    Tloc/Air       4%         N/A       45%         3
 Flame Wave               Conj/Fire      10%        2d6       56%         4
 Arcjolt                  Conj/Air       2%         1d12      98%         5
 Summon Forest            Summ/Tloc      1%         N/A       99%         5
 Summon Mana Viper        Hex/Summ       2%         N/A       99%         5
 Plasma Beam              Fire/Air       3%         2x1d15    100%        6
 Summon Cactus Giant      Summ           1%         N/A       100%        6


Dungeon Overview and Level Annotations

Branches:
Dungeon (2/15)

Altars:


Innate Abilities, Weirdness & Mutations

You are partially covered in icy blue scales. (AC +2)


Message History

The gnoll is moderately wounded.
The foxfire hits the gnoll but does no damage.
The gnoll is moderately wounded.
Your magical contamination has completely faded away.
The gnoll attacks as you move away! The gnoll hits you but does no damage.
The gnoll hits you with a +0 whip. The gnoll attacks as you move away!
The gnoll barely misses you.
Casting: Foxfire (safe; 7% risk of failure)
Press: ? - help, Q - select action Dir - look around, f - activate You conjure some foxfire!
The foxfire hits the gnoll.
The gnoll is heavily wounded.
You completely miss the gnoll.
The gnoll is heavily wounded.
The gnoll completely misses you.
You hit the gnoll.
The gnoll is almost dead.
The gnoll hits you with a +0 whip!
The gnoll hits you from afar with a +0 halberd.
You hit the gnoll but do no damage.
The gnoll is almost dead.
The gnoll closely misses you. x2
As you read the scroll labelled KIGHIUHARU, it crumbles to dust.
The creatures around you are filled with an inner flame!
It was a scroll of immolation.
The gnoll barely misses you. The gnoll hits you with a +0 whip.
* * * LOW HITPOINT WARNING * * *
Casting: Foxfire (safe; 7% risk of failure)
Press: ? - help, Q - select action Dir - look around, f - activate You conjure some foxfire!
The gnoll hits you with a +0 whip.
* * * LOW HITPOINT WARNING * * *
The gnoll closely misses you.
You hit the gnoll but do no damage.
The gnoll is severely wounded.
The foxfire hits the gnoll.
Flame seeps out of the gnoll.
The gnoll is almost dead.
The gnoll hits you from afar with a +0 halberd!
Ouch! That really hurt!
You die...

#.# #####.#
#.....#
#.##########
#..........#
#########.##
#.# #####g#
#.gg.@#
#.######
#..gg..#
#####.## #.#
#g# .g# ###


You could see 3 gnolls.

Vanquished Creatures
  4 bats (D:1)
  5 endoplasms (D:1)
  2 giant cockroaches (D:1)
  2 goblins (D:1)
  A hobgoblin (D:2)
  4 jackals (D:1)
  2 quokkas (D:1)
  3 ball pythons (D:1)
  2 frilled lizards (D:1)
  3 rats (D:1)
28 creatures vanquished.

Vanquished Creatures (others)
  77 foxfires
77 creatures vanquished.

Grand Total: 105 creatures vanquished

Notes
Turn   | Place    | Note
-------+----------+-------------------------------------------
     0 | D:1      | BiteMe the Demonspawn Fire Elementalist began the quest for
                  | the Orb.
     0 | D:1      | Reached XP level 1. HP: 13/13 MP: 3/3
   725 | D:1      | Gained mutation: You are partially covered in icy blue
                  | scales. (AC +2) [demonic ancestry]
   725 | D:1      | Reached XP level 2. HP: 19/19 MP: 1/5
  1135 | D:1      | Reached skill level 3 in Fire Magic
  2010 | D:1      | Reached XP level 3. HP: 24/24 MP: 4/6
  2108 | D:1      | Found a faded altar of an unknown god.
  2324 | D:2      | Mangled by a gnoll

Illustrated notes

Levels and vault maps discovered:
D:1:      psy_arrival_statuary, layout_loops_corners, basic_ecumenical_altar
D:2:      layout_basic, serial_shops, nicolae_shop_tiny_statue_garden

Skill      XL: |  1  2 |
---------------+-------+-----
Fire Magic     | 3 |  3.2
Dodging        | 2 |  2.2
Stealth        | |  1.7
Spellcasting   | |  2.3
Conjurations   | |  1.2

Action                     || total
---------------------------++-------
  Melee: Spear             ||    52
   Cast: Foxfire           ||    46
    Use: Scroll            ||     1
 Armour: Robe              ||    16
  Dodge: Dodged            ||    59
